 Dungeon Crawl Stone Soup version 0.25-a0-277-g7046ed1b37 (webtiles) character file.

Game seed: 13925518182073100765, levelgen mode: deterministic

511 floatRand the Chopper (level 6, -1/48 HPs)
             Began as a Demonspawn Gladiator on Dec 10, 2019.
             Was an Initiate of Qazlal.
             Slain by Grinder (4 damage)
             ... while paralysed by Grinder
             ... on level 5 of the Dungeon.
             The game lasted 00:06:18 (5921 turns).

floatRand the Chopper (Demonspawn Gladiator)        Turns: 5921, Time: 00:06:18

Health: -1/48      AC:  7    Str: 15    XL:     6   Next: 99%
Magic:  0/6        EV:  2    Int: 10    God:    Qazlal [......]
Gold:   176        SH:  0    Dex: 15    Spells: 5/5 levels left

rFire    . . .     SeeInvis .   a - +0 war axe
rCold    . . .     Gourm    .   (no shield)
rNeg     . . .     Faith    .   C - +0 leather armour {rPois}
rPois    +         Spirit   +   c - +0 helmet
rElec    .         Reflect  .   (no cloak)
rCorr    .         Harm     .   (no gloves)
MR       .....                  p - +0 pair of boots
Stlth    +.........             s - amulet of guardian spirit
HPRegen  0.16/turn              (no ring)
MPRegen  0.10/turn              (no ring)

@: paralysed, berserk cooldown, slowed
A: talons 1, molten scales 1
a: Renounce Religion


You were on level 5 of the Dungeon.
You worshipped Qazlal.
Qazlal was noncommittal.
You were hungry.

You visited 1 branch of the dungeon, and saw 5 of its levels.

You collected 176 gold pieces.

Inventory:

Hand Weapons
 a - a +0 war axe (weapon)
 t - a +2 dagger of electrocution
Missiles
 d - 2 throwing nets (quivered)
Armour
 b - a +0 leather armour
 c - a +0 helmet (worn)
 p - a +0 pair of boots (worn)
 r - a +0 chain mail
 C - a +0 leather armour of poison resistance (worn)
Jewellery
 s - an amulet of guardian spirit (around neck)
Wands
 w - a wand of acid (8)
 y - a wand of digging (6)
Scrolls
 g - 7 scrolls of remove curse
 j - a scroll of immolation {unknown}
 k - 2 scrolls of fog {unknown}
 m - 5 scrolls of identify
 n - 2 scrolls of teleportation {unknown}
 v - a scroll of fear {unknown}
 B - 2 scrolls of blinking {unknown}
 F - a scroll of summoning {unknown}
Potions
 e - 4 potions of curing
 h - a potion of lignification
 i - 2 potions of brilliance {unknown}
 l - a potion of might {unknown}
 o - 2 potions of magic
 q - a potion of heal wounds {unknown}
 u - a potion of degeneration {unknown}
 x - 2 potions of resistance {unknown}
 z - 2 potions of haste {unknown}
 A - a potion of flight {unknown}
Comestibles
 f - 8 rations
 D - 3 chunks of flesh


   Skills:
 + Level 4.1 Fighting
 * Level 5.4 Axes
 - Level 1.7 Throwing
 + Level 3.1 Armour
 - Level 2.6 Dodging


You had 5 spell levels left.
You didn't know any spells.
Your spell library was empty.

Dungeon Overview and Level Annotations

Branches:
Dungeon (5/15)
 Temple: D:4-7

Altars:
Dithmenos
Gozag
Kikubaaqudgha
Okawaru
Qazlal
Sif Muna
Uskayaw
Zin
The Shining One

Annotations:
D:5 Grinder


Innate Abilities, Weirdness & Mutations

You have sharp toenails.
You are partially covered in molten scales. (AC +2)


Message History

Grinder gestures at you.
You barely resist. You completely miss Grinder.
Grinder is moderately wounded.
You barely miss the hound skeleton. The hound skeleton closely misses you.
Grinder gestures at you.
You suddenly lose the ability to move!
The hound skeleton bites you but does no damage.
Grinder gestures at you.
You shrug off the repeated paralysis!
The hound skeleton bites you.
* * * LOW HITPOINT WARNING * * *
The hound skeleton bites you.
* * * LOW HITPOINT WARNING * * *
Grinder hits you.
* * * LOW HITPOINT WARNING * * *
The hound skeleton barely misses you. Grinder hits you but does no damage.
The hound skeleton bites you but does no damage.
Grinder hits you.
You die...

......###..## ...........
......#.....# ........<.#
##.........####..........
....^........##......#..#
#.......##...#.........#
#..!................(...
##....................##
#......Z).........(......
..#....5@).............##
...................<†..#
...........#........##.##
........#............#...
....#......#.....#.......
..####....#.....#.......
... ##........##...###.
.... #....#.#.###...#[#.
.....###...#....#....###.


You could see Grinder and a hound skeleton.

Vanquished Creatures
  An ogre (D:4)
  A crimson imp (D:5)
  2 orc wizards (D:4)
  A gnoll shaman (D:5)
  2 worker ants
  A hound skeleton (D:5)
  8 adders
  5 gnolls
  An ooze (D:2)
  An adder skeleton (D:4)
  An adder zombie (D:5)
  3 worms
  A dart slug (D:2)
  2 leopard geckos
  13 orcs
  2 giant cockroaches
  3 goblins
  11 hobgoblins
  13 jackals
  11 kobolds
  A quokka (D:3)
  2 ball pythons
  10 bats
  3 frilled lizards
  6 rats
105 creatures vanquished.

Notes
Turn   | Place    | Note
-------+----------+-------------------------------------------
     0 | D:1      | floatRand the Demonspawn Gladiator began the quest for the
                  | Orb.
     0 | D:1      | Reached XP level 1. HP: 16/16 MP: 1/1
   119 | D:1      | Gained mutation: You are partially covered in molten
                  | scales. (AC +2) [demonic ancestry]
   119 | D:1      | Reached XP level 2. HP: 17/22 MP: 2/2
   141 | D:1      | Reached skill level 3 in Axes
   368 | D:1      | Reached skill level 1 in Armour
   524 | D:1      | Reached XP level 3. HP: 26/28 MP: 3/3
  1145 | D:2      | Found a faded altar of an unknown god.
  1365 | D:2      | Reached XP level 4. HP: 34/34 MP: 4/4
  1794 | D:2      | Found an iron altar of Okawaru.
  1795 | D:2      | Found an ancient bone altar of Kikubaaqudgha.
  1796 | D:2      | Found a shadowy altar of Dithmenos.
  1798 | D:2      | Found an opulent altar of Gozag.
  1798 | D:2      | Found a hide-covered altar of Uskayaw.
  1799 | D:2      | Found a glowing silver altar of Zin.
  2916 | D:3      | Reached skill level 4 in Axes
  3089 | D:3      | Found a glowing golden altar of the Shining One.
  3128 | D:3      | Found a shimmering blue altar of Sif Muna.
  3294 | D:3      | Gained mutation: You have sharp toenails. [demonic
                  | ancestry]
  3294 | D:3      | Reached XP level 5. HP: 39/41 MP: 5/5
  3908 | D:4      | Noticed an ogre
  3921 | D:4      | Killed an ogre
  4485 | D:4      | Reached XP level 6. HP: 23/47 MP: 3/6
  5329 | D:5      | Entered Level 5 of the Dungeon
  5360 | D:5      | Reached skill level 5 in Axes
  5891 | D:5      | Found a stormy altar of Qazlal.
  5900 | D:5      | Noticed Grinder
  5905 | D:5      | Became a worshipper of Qazlal Stormbringer
  5907 | D:5      | Paralysed by Grinder for 7 turns
  5918 | D:5      | Paralysed by Grinder for 4 turns
  5921 | D:5      | Slain by Grinder

Levels and vault maps discovered:
D:1:      dpeg_arrival_shrine, layout_loops_ring
D:2:      layout_basic, grunt_temple_overflow_open,
          chequers_ecumenical_altar_lobes, serial_co_window_serial,
          co_window_paths_b, co_window_corner_a, co_window_paths_a,
          co_window_paths_a, co_window_corner_a, co_window_broadway_b,
          co_window_broadway_a, co_window_unsneaky_path_c,
          co_window_unsneaky_path_a, co_window_sun, co_window_4corner_a,
          glass_columns_a, glass_columns_b, glass_columns_a, glass_columns_a
D:3:      layout_basic, overflow_temple_1_default,
          chequers_serial_rivers_large_a, st_stairs_13, led_sif_book
D:4:      layout_basic, first_ration
D:5:      layout_cave_pools, grunt_temple_overflow_champion_of_chaos,
          basic_altar, serial_glass, glass_columns_b, glass_columns_b,
          item_on_display_a, uniq_grinder

Skill      XL: |  1  2  3  4  5  6 |
---------------+-------------------+-----
Axes           | 3 4 5 |  5.4
Armour         | 1 2 3 |  3.1
Fighting       | 3 4 |  4.1
Throwing       | |  1.7
Dodging        | |  2.6

Action                   |  1- 3 |  4- 6 || total
-------------------------+-------+-------++-------
Melee: War axe           |   114 |   277 ||   391
Throw: Throwing net      |       |     1 ||     1
  Use: Scroll            |       |     5 ||     5
       Potion            |       |     2 ||     2
 Stab: Distracted        |       |     1 ||     1
       Sleeping          |       |     1 ||     1
  Eat: Chunk             |     1 |    15 ||    16
Armor: Leather armour    |    61 |   114 ||   175
       Chain mail        |       |    72 ||    72
       Skin              |       |     3 ||     3
Dodge: Dodged            |    89 |   219 ||   308

Table legend:
 A = Non-vault XP
 B = Vault XP
 C = Vault XP percentage of total XP
 D = Non-vault monster count
 E = Vault monster count
 F = Vault count percentage of total count
                 A         B        C        D         E       F
            +---------+---------+-------+---------+---------+-------
      Total |     680 |      51 |   7.0 |     103 |       2 |   1.9
            +---------+---------+-------+---------+---------+-------
        D:1 |      59 |       0 |   0.0 |      36 |       0 |   0.0
        D:2 |      95 |       0 |   0.0 |      17 |       0 |   0.0
        D:3 |      50 |       1 |   2.0 |      16 |       1 |   5.9
        D:4 |     350 |       0 |   0.0 |      27 |       0 |   0.0
        D:5 |     126 |      50 |  28.4 |       7 |       1 |  12.5
            +---------+---------+-------+---------+---------+-------
